 Dungeon Crawl Stone Soup version 0.30.0-10-gfe55d96785 (webtiles) character file.

Game seed: 14724227401340896562

7340 qw the Cleaver (level 11, -12/71 HPs)
             Began as a Gargoyle Cinder Acolyte on May 17, 2023.
             Was a Follower of Ignis.
             Mangled by a dire elephant (23 damage)
             ... on level 1 of the Lair of Beasts.
             The game lasted 00:04:51 (6930 turns).

qw the Cleaver (Gargoyle Cinder Acolyte)            Turns: 6930, Time: 00:04:52

Health: -12/71     AC: 24    Str: 22    XL:     11   Next: 13%
Magic:  12/12      EV:  7    Int: 15    God:    Ignis [*.....]
Gold:   429        SH:  5    Dex: 11    Spells: 12/12 levels left

rFire   + + .        Y - +0 war axe
rCold   . . .        k - +0 buckler of Words of Power {Rampage rF+}
rNeg    + . .        f - +0 plate armour
rPois   inf          d - +0 helmet
rElec   +            (no cloak)
rCorr   .            (no gloves)
SInv    .            p - +0 pair of boots
Will    .....        c - amulet of regeneration Stlth
                     g - +6 ring of dexterity
HPRegen 1.11/turn    o - +4 ring of slaying {mikee}
MPRegen 0.13/turn

%: rampage
@: about to teleport
A: sickness immunity, AC +8, negative energy resistance 1, electricity
resistance, torment resistance 1, petrification resistance
a: Renounce Religion, Fiery Armour, Foxfire Swarm, Rising Flame


You were on level 1 of the Lair of Beasts.
You worshipped Ignis.
Ignis was aware of your devotion.
You visited 2 branches of the dungeon, and saw 9 of its levels.
You also visited: Sewer.

You collected 519 gold pieces.
You spent 90 gold pieces at shops.


Innate Abilities, Weirdness & Mutations

You are immune to sickness and miasma.
Your stone body is resilient. (AC +8)
You are immune to poison.
You resist negative energy. (rN+)
You are resistant to electric shocks. (rElec)
You are resistant to unholy torment.
You are immune to petrification.


   Skills:
 - Level 9.0 Fighting
 + Level 11.2 Axes
 - Level 8.0 Armour
 - Level 2.2 Dodging
 - Level 5.2 Shields
 - Level 1.0 Spellcasting
 - Level 3.0 Fire Magic


You had 12 spell levels left.
You didn't know any spells.
Your spell library contained the following spells:

 Spells                   Type           Power      Damage    Failure   Level
 Scorch                   Fire           18%        2d6       90%         2

Inventory:

Hand Weapons
 m - a +1 hand axe of flaming
 Y - a +0 war axe (weapon)
Armour
 d - a +0 helmet (worn)
 f - a +0 plate armour (worn)
 k - the +0 buckler of Words of Power (worn) {Rampage rF+}
   (You found it on level 2 of the Dungeon)

   rF:        It protects you from fire.
   Rampage:   It bestows one free step when moving towards enemies.
 p - a +0 pair of boots (worn)
Jewellery
 c - an amulet of regeneration (around neck)
 g - a +6 ring of dexterity (left hand)
 o - a +4 ring of slaying (right hand) {mikee}
Scrolls
 a - 4 scrolls of identify
 e - 3 scrolls of teleportation
Potions
 b - 4 potions of might
 h - a potion of cancellation
 i - a potion of mutation
 j - a potion of haste
 l - a potion of resistance
 n - 2 potions of curing

Dungeon Overview and Level Annotations

Branches:
Dungeon (8/15)             Temple (0/1) D:5            Lair (1/5) D:8
  Sewer (visited)

Altars:
Ashenzari
Elyvilon
Fedhas
Hepliaklqana
Nemelex Xobeh
Qazlal
Ru
Uskayaw
Wu Jian
Yredelemnul
Zin
The Shining One

Annotations:
D:3 1 runed translucent door
D:6 2 transporters, qw's ghost, novice GrCA
Lair:1 exclusion: 14 yaks


Message History

You slash the elephant! The elephant closely misses you.
The elephant trunk-slaps you but does no damage.
You hit the bush but do no damage.
The bush is moderately damaged.
You slash the elephant! You block the elephant's attack. x2
You slash the bush!
The bush is moderately damaged.
You hit the dire elephant but do no damage.
You hit the elephant.
The elephant tramples you but does no damage.
The elephant trunk-slaps you but does no damage.
Something gores the bush but does no damage.
You hit the bush but do no damage.
The bush is moderately damaged.
You slash the dire elephant! You slash the elephant! The elephant tramples you!
You hold your ground!
The elephant trunk-slaps you but does no damage.
The dire elephant tramples you!
You stumble backwards!
6927 ||| READING 4 scrolls of teleportation.
As you read the scroll of teleportation, it crumbles to dust.
You feel strangely unstable.
Something gores the bush!
The elephant tramples you.
You stumble backwards!
The yak bellows!
You slash the bush!
The bush is moderately damaged.
You slash the elephant!
You kill the elephant!
Your Armour skill increases to level 8!
You slash the bush!
The bush is heavily damaged.
You hit the dire elephant but do no damage.
The dire elephant tramples you but does no damage.
The dire elephant trunk-slaps you but does no damage.
You hit the bush but do no damage.
The bush is heavily damaged.
You hit the dire elephant but do no damage.
The dire elephant tramples you!!
You die... ...# #.....#### .###..### ##.....##.. ..../..P## ###.....#.... ...P....P# ###......#..... ~~~~....###...###........ ..P7~.......### ###...... ...~~7.....## ##.....
YY.

7~P...## ##....
....Y7~.@.# ###..7.
.Y..YY7PY.## #P..7.7
P.(....7....## #...777
).....P~~....## #....77
......~~~.....####
##.....
.....~~~......%#.#
###..77
...~~.....#.....###...7.7
~P7~...#..#.....##....777
~ 7...#...####..%......77


You could see a dire elephant and 3 yaks.

Vanquished Creatures
  A two-headed ogre (D:8)
  5 elephants (Lair:1)
  A torpor snail (Lair:1)
  2 cane toads (Lair:1)
  A komodo dragon (Lair:1)
  2 yaks (Lair:1)
  3 fire bats (Lair:1)
  3 steam dragons
  An orc warrior (D:7)
  An ice beast (D:6)
  A sky beast (D:8)
  4 black bears
  A centaur (D:5)
  4 wolves (Lair:1)
  3 kobold brigands (Sewer)
  A bullfrog (D:8)
  2 scorpions
  6 killer bees (D:7)
  3 quasits (D:8)
  A human zombie (D:3)
  2 jellies
  4 orc priests
  3 gnoll boudas
  2 hounds
  A sleepcap (D:7)
  2 iguanas
  2 orc wizards
  Ijyb (D:4)
  11 gnolls
  10 river rats (Sewer)
  13 adders
  5 shadow imps (D:8)
  6 white imps
  4 ufetubi (D:8)
  3 worms
  3 dart slugs
  19 orcs
  6 bats
  5 endoplasms
  2 giant cockroaches (D:1)
  6 goblins
  4 hobgoblins
  17 kobolds
  A quokka (D:2)
  8 ball pythons
  A kobold zombie (D:3)
  25 rats
212 creatures vanquished.

Vanquished Creatures (others)
  A bullfrog (D:7)
  A shadow imp (D:8)
2 creatures vanquished.

Grand Total: 214 creatures vanquished

Notes
Turn   | Place    | Note
-------+----------+-------------------------------------------
     0 | D:1      | qw the Gargoyle Cinder Acolyte began the quest for the Orb.
     0 | D:1      | Reached XP level 1. HP: 14/14 MP: 2/2
     0 | D:1      | 0 ||| qw: Version: 0.2-a-95-g4c1bab1
     0 | D:1      | 0 ||| qw: Game counter: 144
     0 | D:1      | 0 ||| qw: Always use a shield: true
     0 | D:1      | 0 ||| qw: God list: Okawaru
     0 | D:1      | 0 ||| qw: Allow faded altars: false
     0 | D:1      | 0 ||| qw: Do Orc after D:15 true
     0 | D:1      | 0 ||| qw: Do second Lair branch before Depths: true
     0 | D:1      | 0 ||| qw: Lair rune preference: random
     0 | D:1      | 0 ||| qw: Plans: Normal
     0 | D:1      | 0 ||| PLANNING D:1-11
   104 | D:1      | 104 ||| INVOKING Fiery Armour.
   202 | D:1      | Reached skill level 3 in Axes
   296 | D:1      | Reached XP level 2. HP: 19/19 MP: 3/3
   348 | D:1      | 348 ||| Stepping ~*~*~tactically~*~*~ (stealth).
   349 | D:1      | 349 ||| Stepping ~*~*~tactically~*~*~ (stealth).
   605 | D:1      | 605 ||| UPGRADING to +0 ring mail.
   615 | D:1      | 615 ||| DROPPING +0 robe.
   658 | D:1      | 658 ||| UPGRADING to amulet of the acrobat.
   672 | D:1      | 672 ||| READING scroll labelled APRUSI RUNTUWAH.
   674 | D:1      | 674 ||| READING 2 scrolls labelled KOMEICR BEOWN.
   678 | D:1      | 678 ||| READING scroll labelled ZUSOKK RICOR.
   679 | D:1      | 679 ||| READING scroll labelled QYOCAL ELIRIUHY.
   869 | D:2      | 869 ||| Stepping ~*~*~tactically~*~*~ (stealth).
   880 | D:2      | Reached XP level 3. HP: 23/23 MP: 4/4
   961 | D:2      | 961 ||| INVOKING Fiery Armour.
   966 | D:2      | Reached skill level 4 in Axes
  1050 | D:2      | Reached skill level 1 in Armour
  1074 | D:2      | Reached XP level 4. HP: 28/28 MP: 5/5
  1081 | D:2      | Identified the +0 buckler of Words of Power {Rampage rF+}
  1196 | D:2      | Found a faded altar of an unknown god.
  1200 | D:2      | 1200 ||| UPGRADING to +0 buckler of Words of Power {Rampage
                  | rF+}.
  1205 | D:2      | 1205 ||| DROPPING +6 ring of intelligence.
  1206 | D:2      | 1206 ||| READING 2 scrolls labelled CEUKUKHLESEA.
  1207 | D:2      | 1207 ||| READING 4 scrolls of identify.
  1207 | D:2      | 1207 ||| IDENTIFYING murky amethyst potion
  1208 | D:2      | 1208 ||| READING 3 scrolls of identify.
  1208 | D:2      | 1208 ||| IDENTIFYING smoky dark potion
  1209 | D:2      | 1209 ||| READING 2 scrolls of identify.
  1209 | D:2      | 1209 ||| IDENTIFYING fuming cyan potion
  1210 | D:2      | 1210 ||| DROPPING scroll of fear.
  1211 | D:2      | 1211 ||| DROPPING potion of magic.
  1212 | D:2      | 1212 ||| DROPPING potion of flight.
  1232 | D:3      | 1232 ||| INVOKING Fiery Armour.
  1237 | D:3      | Reached skill level 1 in Shields
  1240 | D:3      | Reached XP level 5. HP: 32/32 MP: 6/6
  1318 | D:3      | 1318 ||| Stepping ~*~*~tactically~*~*~ (stealth).
  1527 | D:3      | Found a broken altar of Ashenzari.
  1592 | D:3      | Found Zin's Purification Station.
  1595 | D:3      | Found a glowing silver altar of Zin.
  1600 | D:3      | 1600 ||| BUYING potion of curing (90 gold).
  1600 | D:3      | Bought a potion of curing for 90 gold pieces
  1690 | D:3      | Found a faded altar of an unknown god.
  1694 | D:3      | Found a sacrificial altar of Ru.
  1793 | D:3      | Found a runed translucent door.
  1793 | D:3      | Noticed a human
  1808 | D:3      | Found a basalt altar of Yredelemnul.
  1883 | D:3      | Found a sparkling altar of Nemelex Xobeh.
  1957 | D:3      | 1957 ||| READING scroll labelled HYARA LUICWI.
  1958 | D:3      | 1958 ||| READING scroll labelled HATUSSEUKO.
  1959 | D:3      | 1959 ||| DRINKING 2 grey potions.
  1960 | D:3      | 1960 ||| DRINKING potion of curing.
  1960 | D:3      | 1960 ||| (to cure confusion)
  1961 | D:3      | 1961 ||| DROPPING potion of ambrosia.
  2040 | D:4      | Found a blossoming altar of Fedhas.
  2048 | D:4      | 2048 ||| UPGRADING to amulet of regeneration.
  2058 | D:4      | 2058 ||| DROPPING amulet of the acrobat.
  2074 | D:4      | Reached skill level 5 in Axes
  2074 | D:4      | Reached XP level 6. HP: 34/37 MP: 7/7
  2078 | D:4      | 2078 ||| STAIRDANCE
  2099 | D:4      | Noticed Ijyb
  2100 | D:4      | 2100 ||| Stepping ~*~*~tactically~*~*~ (hiding).
  2130 | D:4      | Killed Ijyb
  2273 | D:4      | 2273 ||| UPGRADING to +0 plate armour.
  2283 | D:4      | 2283 ||| DROPPING +0 ring mail.
  2291 | D:4      | 2291 ||| STAIRDANCE
  2610 | D:4      | 2610 ||| DROPPING amulet of magic regeneration.
  2611 | D:4      | 2611 ||| READING 2 scrolls of identify.
  2611 | D:4      | 2611 ||| IDENTIFYING metallic purple potion
  2612 | D:4      | 2612 ||| DROPPING potion of lignification.
  2626 | D:5      | Entered Level 5 of the Dungeon
  2627 | D:5      | 2627 ||| PLANNING SEWER
  2635 | D:5      | 2635 ||| INVOKING Fiery Armour.
  2654 | D:5      | Found a staircase to the Ecumenical Temple.
  2762 | D:5      | Reached skill level 3 in Armour
  2774 | D:5      | 2774 ||| Stepping ~*~*~tactically~*~*~ (hiding).
  2775 | D:5      | 2775 ||| Stepping ~*~*~tactically~*~*~ (hiding).
  2910 | D:5      | 2910 ||| Stepping ~*~*~tactically~*~*~ (hiding).
  2913 | D:5      | 2913 ||| Stepping ~*~*~tactically~*~*~ (hiding).
  3032 | D:5      | Reached XP level 7. HP: 39/44 MP: 8/8
  3192 | D:5      | Found a glowing drain.
  3193 | D:5      | 3193 ||| UPGRADING to +0 helmet.
  3198 | D:5      | 3198 ||| READING scroll labelled BEAXZA SIK KEU.
  3199 | D:5      | 3199 ||| READING 3 scrolls of identify.
  3199 | D:5      | 3199 ||| IDENTIFYING inky potion
  3208 | Sewer    | Entered a sewer
  3404 | Sewer    | 3404 ||| Stepping randomly (stuck).
  3413 | Sewer    | Reached skill level 6 in Axes
  3419 | Sewer    | Reached skill level 3 in Shields
  3431 | Sewer    | 3431 ||| INVOKING Fiery Armour.
  3539 | Sewer    | 3539 ||| Stepping ~*~*~tactically~*~*~ (stealth).
  3540 | Sewer    | 3540 ||| Stepping ~*~*~tactically~*~*~ (stealth).
  3553 | Sewer    | 3553 ||| Stepping ~*~*~tactically~*~*~ (stealth).
  3592 | Sewer    | Reached XP level 8. HP: 48/48 MP: 9/9
  3761 | Sewer    | 3761 ||| READING scroll labelled BEULARA OHOUL.
  3762 | Sewer    | 3762 ||| READING 4 scrolls of identify.
  3762 | Sewer    | 3762 ||| IDENTIFYING black potion
  3763 | Sewer    | 3763 ||| READING 3 scrolls of identify.
  3763 | Sewer    | 3763 ||| IDENTIFYING sedimented white potion
  3764 | Sewer    | 3764 ||| DROPPING potion of brilliance.
  3784 | D:5      | 3784 ||| PLANNING D:1-11
  3862 | D:6      | Reached skill level 7 in Axes
  4012 | D:6      | 4012 ||| Stepping ~*~*~tactically~*~*~ (stealth).
  4014 | D:6      | 4014 ||| Stepping ~*~*~tactically~*~*~ (stealth).
  4075 | D:6      | 4075 ||| INVOKING Fiery Armour.
  4077 | D:6      | 4077 ||| UPGRADING to +6 ring of dexterity.
  4108 | D:6      | Reached skill level 1 in Dodging
  4242 | D:6      | Found a transporter.
  4247 | D:6      | Found a transporter.
  4248 | D:6      | Noticed qw's ghost (novice GrCA)
  4463 | D:6      | 4463 ||| READING 3 scrolls of identify.
  4463 | D:6      | 4463 ||| IDENTIFYING bubbling brown potion
  4464 | D:6      | 4464 ||| DROPPING potion of invisibility.
  4533 | D:7      | Reached skill level 8 in Axes
  4536 | D:7      | 4536 ||| INVOKING Fiery Armour.
  4538 | D:7      | Reached skill level 6 in Fighting
  4538 | D:7      | 4538 ||| Stepping ~*~*~tactically~*~*~ (hiding).
  4539 | D:7      | 4539 ||| Stepping ~*~*~tactically~*~*~ (hiding).
  4541 | D:7      | 4541 ||| Stepping ~*~*~tactically~*~*~ (hiding).
  4551 | D:7      | Reached XP level 9. HP: 55/55 MP: 10/10
  4559 | D:7      | 4559 ||| Stepping ~*~*~tactically~*~*~ (stealth).
  4569 | D:7      | Found a stormy altar of Qazlal.
  4735 | D:7      | 4735 ||| Stepping ~*~*~tactically~*~*~ (hiding).
  4736 | D:7      | 4736 ||| Stepping ~*~*~tactically~*~*~ (hiding).
  4772 | D:7      | 4772 ||| Stepping ~*~*~tactically~*~*~ (stealth).
  4777 | D:7      | 4777 ||| INVOKING Fiery Armour.
  4805 | D:7      | Reached skill level 9 in Axes
  4869 | D:7      | 4869 ||| READING scroll of enchant weapon.
  4869 | D:7      | 4869 ||| ENCHANTING +0 hand axe of flaming.
  5275 | D:7      | 5275 ||| READING scroll labelled QUEWKU ESUDUA.
  5276 | D:7      | 5276 ||| READING scroll labelled IDASAO DOMOETH.
  5277 | D:7      | 5277 ||| READING scroll labelled KERE KEHAER.
  5278 | D:7      | 5278 ||| READING 2 scrolls of identify.
  5278 | D:7      | 5278 ||| IDENTIFYING viscous silvery potion
  5287 | D:8      | 5287 ||| INVOKING Fiery Armour.
  5344 | D:8      | Found an ornate altar of the Wu Jian Council.
  5425 | D:8      | 5425 ||| SWAPPING to +0 war axe.
  5447 | D:8      | Noticed a two-headed ogre
  5465 | D:8      | Killed a two-headed ogre
  5480 | D:8      | Found a glowing golden altar of the Shining One.
  5514 | D:8      | 5514 ||| Stepping ~*~*~tactically~*~*~ (hiding).
  5519 | D:8      | 5519 ||| INVOKING Fiery Armour.
  5531 | D:8      | Reached XP level 10. HP: 64/64 MP: 11/11
  5582 | D:8      | 5582 ||| Stepping ~*~*~tactically~*~*~ (hiding).
  5698 | D:8      | Found a staircase to the Lair.
  5772 | D:8      | Reached skill level 6 in Armour
  5785 | D:8      | Found a hide-covered altar of Uskayaw.
  5816 | D:8      | Found a hazy altar of Hepliaklqana.
  5867 | D:8      | 5867 ||| Stepping ~*~*~tactically~*~*~ (hiding).
  5893 | D:8      | 5893 ||| Stepping ~*~*~tactically~*~*~ (stealth).
  5930 | D:8      | Found a white marble altar of Elyvilon.
  6061 | D:8      | 6061 ||| PLANNING LAIR
  6061 | D:8      | 6061 ||| READING scroll labelled JYBITZ XOMY.
  6061 | D:8      | Identified a scroll of acquirement
  6061 | D:8      | 6061 ||| ACQUIRING +4 ring of slaying
  6061 | D:8      | Acquired a +4 ring of slaying
  6063 | D:8      | 6063 ||| UPGRADING to +4 ring of slaying {mikee}.
  6064 | D:8      | 6064 ||| DRINKING 2 orange potions.
  6114 | Lair:1   | Entered Level 1 of the Lair of Beasts
  6157 | Lair:1   | 6157 ||| Stepping ~*~*~tactically~*~*~ (stealth).
  6158 | Lair:1   | Noticed a torpor snail
  6159 | Lair:1   | 6159 ||| Stepping ~*~*~tactically~*~*~ (stealth).
  6167 | Lair:1   | 6167 ||| INVOKING Fiery Armour.
  6178 | Lair:1   | HP: 14/64 [torpor snail (12)]
  6179 | Lair:1   | 6179 ||| READING 5 scrolls of teleportation.
  6181 | Lair:1   | Noticed a cane toad
  6186 | Lair:1   | Killed a cane toad
  6187 | Lair:1   | Reached skill level 10 in Axes
  6317 | Lair:1   | Noticed a cane toad
  6323 | Lair:1   | Killed a cane toad
  6389 | Lair:1   | Killed a torpor snail
  6457 | Lair:1   | Noticed an elephant
  6457 | Lair:1   | Noticed an elephant
  6458 | Lair:1   | 6458 ||| Stepping ~*~*~tactically~*~*~ (stealth).
  6458 | Lair:1   | Noticed an elephant
  6458 | Lair:1   | Noticed an elephant
  6459 | Lair:1   | 6459 ||| UPGRADING to +0 pair of boots.
  6487 | Lair:1   | Killed an elephant
  6506 | Lair:1   | Killed an elephant
  6514 | Lair:1   | Killed an elephant
  6515 | Lair:1   | Reached skill level 11 in Axes
  6871 | Lair:1   | 6871 ||| Stepping ~*~*~tactically~*~*~ (stealth).
  6881 | Lair:1   | Reached XP level 11. HP: 57/68 MP: 12/12
  6899 | Lair:1   | 6899 ||| Stepping ~*~*~tactically~*~*~ (stealth).
  6902 | Lair:1   | 6902 ||| Stepping ~*~*~tactically~*~*~ (stealth).
  6914 | Lair:1   | Reached skill level 9 in Fighting
  6918 | Lair:1   | Noticed a dire elephant
  6926 | Lair:1   | HP: 15/71 [elephant (10)]
  6927 | Lair:1   | 6927 ||| READING 4 scrolls of teleportation.
  6930 | Lair:1   | Mangled by a dire elephant

Levels and vault maps discovered:
D:1:      lightli_molten_gateway, layout_loops_ring
D:2:      layout_basic, shapermc_ecumenical_altar_acropolis
D:3:      layout_rooms, nemelex_dance_club_becter, dk_yredelemnul_ordeal,
          nicolae_overflow_ecumenical_swirl, zin_purify, evilmike_ruin_ashenzari
D:4:      layout_loops_ring, mainiacjoe_overflow_paths, uniq_ijyb
D:5:      layout_cave_pools, minmay_temple_entry_arrows, portal_sewer_entry_d
D:6:      layout_rooms, gammafunk_ghost_hive
D:7:      layout_basic, mainiacjoe_overflow_small_starburst
D:8:      layout_gridville, nzn_wu_jian_contemplation, kennysheep_mini_moat,
          worldfamousw_hep_ancestral_shrine, mainiacjoe_overflow_brackets,
          nicolae_tso_carved_into_rock, serial_demonic, serial_demonic_g,
          serial_demonic_c, serial_demonic_a, serial_demonic_c,
          serial_demonic_d, serial_demonic_g, serial_demonic_a,
          serial_demonic_d, kennysheep_potato
Lair:1:   layout_cave_pods, nicolae_volcano_entry_batcave, ldierk_geyser,
          nicolae_lair_grove_arrangements, small_statue_intersection,
          nicolae_lair_grazing_beasts [nicolae_sub_lair_graze_edge,
          nicolae_sub_lair_graze_edge, nicolae_sub_lair_graze_edge,
          nicolae_sub_lair_graze_edge]

Skill      XL: |  1  2  3  4  5  6  7  8  9 10 11 |
---------------+----------------------------------+-----
Axes           | 3 4 5 6 8 9 11 | 11.2
Armour         | 1 3 4 5 7 8 |  8.0
Shields        | 2 3 5 |  5.2
Fighting       | 4 6 8 9 |  9.0
Dodging        | 1 2 |  2.2
Spellcasting   | |  1.0
Fire Magic     | |  3.0

Action                     |  1- 3 |  4- 6 |  7- 9 | 10-12 || total
---------------------------+-------+-------+-------+-------++-------
  Melee: Hand axe          |    96 |   153 |   356 |       ||   605
         Punch             |     1 |       |       |       ||     1
         War axe           |       |       |    31 |   180 ||   211
  Throw: Boomerang         |     5 |       |       |       ||     5
 Invoke: Fiery Armour      |     2 |     2 |     6 |     1 ||    11
    Use: Scroll            |     4 |     7 |    11 |     3 ||    25
         Potion            |       |     2 |       |     1 ||     3
 Armour: Robe              |    13 |       |       |       ||    13
         Ring mail         |    20 |    43 |       |       ||    63
         Plate armour      |       |    34 |   323 |   234 ||   591
  Dodge: Dodged            |    61 |    75 |   106 |    74 ||   316
  Block: Buckler           |       |    20 |    80 |    48 ||   148

Table legend:
 A = Non-vault XP
 B = Vault XP
 C = Vault XP percentage of total XP
 D = Non-vault monster count
 E = Vault monster count
 F = Vault count percentage of total count
                 A         B        C        D         E       F
            +---------+---------+-------+---------+---------+-------
      Total |    6573 |    3913 |  37.3 |     127 |      87 |  40.7
            +---------+---------+-------+---------+---------+-------
        D:1 |      19 |       0 |   0.0 |      10 |       0 |   0.0
        D:2 |      74 |       0 |   0.0 |      22 |       0 |   0.0
        D:3 |     131 |      51 |  28.0 |      18 |       4 |  18.2
        D:4 |      86 |      35 |  28.9 |       3 |       1 |  25.0
        D:5 |     282 |      14 |   4.7 |       8 |       1 |  11.1
        D:6 |     819 |       0 |   0.0 |      19 |       0 |   0.0
        D:7 |    1224 |       0 |   0.0 |      24 |       0 |   0.0
        D:8 |    1516 |     266 |  14.9 |      13 |      17 |  56.7
     Lair:1 |    2422 |    3014 |  55.4 |      10 |       8 |  44.4
      Sewer |       0 |     533 | 100.0 |       0 |      56 | 100.0
            +---------+---------+-------+---------+---------+-------
